 Dungeon Crawl Stone Soup version 0.30-a0-469-g84de5afbc5 (console) character file.

Game seed: 4819570686725778242

122688 jejorda2 the Phalangite (level 16, -2/204 HPs)
             Began as a Merfolk Berserker on Dec 20, 2022.
             Was the Champion of Trog.
             Slain by a wolf spider (7 damage)
             ... on level 2 of the Spider Nest.
             The game lasted 01:23:34 (24977 turns).

jejorda2 the Phalangite (Merfolk Berserker)        Turns: 24977, Time: 01:23:35

Health: -2/204     AC: 37    Str: 27    XL:     16   Next: 88%
Magic:  1/16       EV: 16    Int:  8    God:    Trog [******]
Gold:   1210       SH:  0    Dex: 18    Spells: 15/15 levels left

rFire   + + .      SeeInvis +    a - +12 glaive of Prune {vorpal}
rCold   + + .      Faith    +    (shield currently unavailable)
rNeg    + . .      Spirit   .    v - +7 gold dragon scales of an ossuary {Drain rPois rF+ rC+ rN+ Regen+}
rPois   +          Reflect  .    o - +2 helmet {SInv}
rElec   .          Harm     .    Q - scarf {rC+ rF+}
rCorr   .          Rampage  .    z - +2 pair of gloves {hurl}
Will    +++..                    f - +5 pair of boots of Beauty {Int+2}
Stlth   ..........               n - amulet of faith
HPRegen 2.34/turn                J - +6 ring of strength
MPRegen 0.15/turn                W - +4 ring of evasion

@: berserking, lethally poisoned (-2 -> -5), strong-willed, regenerating,
studying Dodging, very quick
A: (nimble swimmer 2), mertail
a: Renounce Religion, Berserk, Trog's Hand, Brothers in Arms


You were on level 2 of the Spider Nest.
You worshipped Trog.
Trog was exalted by your worship.
You visited 4 branches of the dungeon, and saw 24 of its levels.
You also visited: Sewer, Bailey, Gauntlet and Ice Cave.

You collected 3398 gold pieces.
You spent 2188 gold pieces at shops.

Inventory:

Hand Weapons
 a - the +12 glaive of Prune (weapon) {vorpal}
   (Trog gifted it to you on level 5 of the Lair of Beasts)

   It inflicts extra damage upon your enemies.
   It halves damage taken while paralysed, petrified or unconscious.
 b - a +3 antimagic demon trident
 w - a +2 glaive of flaming
Missiles
 k - 7 boomerangs of dispersal
 y - 3 throwing nets
 A - 35 poisoned darts (quivered)
 B - 18 boomerangs
 E - 5 atropa-tipped darts
 K - 18 javelins
 O - 5 curare-tipped darts
Armour
 f - the +5 pair of boots of Beauty (worn) {Int+2}
   (You acquired it on level 3 of the Dungeon)

   Int:       It affects your intelligence (+2).
 o - a +2 helmet of see invisible (worn)
 v - the +7 gold dragon scales of an ossuary (worn) {Drain rPois rF+ rC+ rN+ Regen+}
   (You bought it in a shop on level 14 of the Dungeon)

   rF:        It protects you from fire.
   rC:        It protects you from cold.
   rPois:     It protects you from poison.
   rN:        It protects you from negative energy.
   Regen:     It increases your rate of health regeneration.
   Drain:     It drains your maximum health when unequipped.
 z - a +2 pair of gloves of hurling (worn)
 Q - a scarf of resistance (worn)
Jewellery
 n - an amulet of faith (around neck)
 J - a +6 ring of strength (left hand)
 W - a +4 ring of evasion (right hand)
Wands
 t - a wand of acid (3)
 F - a wand of flame (35)
 G - a wand of charming (7)
 I - a wand of roots (17)
 N - a wand of digging (5)
 P - a wand of polymorph (1)
 U - a wand of mindburst (24)
Scrolls
 c - 4 scrolls of fog
 j - 2 scrolls of immolation
 p - 9 scrolls of teleportation
 D - a scroll of butterflies
 L - 3 scrolls of fear
 M - 5 scrolls of magic mapping
 R - 2 scrolls of blinking
Potions
 d - 2 potions of invisibility
 e - 7 potions of heal wounds
 h - 14 potions of curing
 i - 3 potions of ambrosia
 l - 4 potions of berserk rage
 m - 16 potions of flight
 q - 6 potions of cancellation
 u - 6 potions of might
 x - 2 potions of resistance
 C - a potion of attraction
 S - a potion of mutation
 X - 2 potions of haste
Miscellaneous
 s - a phial of floods
 T - a tin of tremorstones (1/2)


   Skills:
 + Level 15.3 Fighting
 - Level 22.3 Polearms
 - Level 12.0 Throwing
 * Level 8.8 Armour
 - Level 16.0 Dodging
 - Level 6.0 Evocations


You had 15 spell levels left.
You didn't know any spells.
Your spell library was empty.

Dungeon Overview and Level Annotations

Branches:
Dungeon (15/15)            Temple (0/1) D:6            Lair (5/5) D:11
 Shoals (0/4) Lair:3       Spider (2/4) Lair:3        Slime (0/5) Lair:4
    Orc (2/2) D:11            Elf (0/3) Orc:2        Vaults (0/5) D:13
 Depths (0/4) D:15          Sewer (visited)          Bailey (visited)
  IceCv (visited)         Gauntlet (visited)

Altars:
Ashenzari
Dithmenos
Elyvilon
Nemelex Xobeh
Sif Muna
Trog
The Shining One
Jiyva

Shops:
D:1 [   D:10 (   D:11 [   D:14 ([(=[   Orc:2 ?[[(

Portals:
Trove: D:11 (give 8 scrolls of blinking)

Annotations:
D:11 2 transporters, exclusion: oklob plant, VibeKiller's ghost, journeyman SpEn
Spider:2 Arachne; Frances


Innate Abilities, Weirdness & Mutations

((You are very nimble when in or above water. (Stealth+, EV+, Speed+++)))
Your lower body shifts to a powerful aquatic tail in water.


Message History

You feel your power leaking away.
Reach: a) +12 glaive of Prune {vorpal}
Press: ? - help, Dir - move target, f/p - Frances
Aim: Frances, wielding a +0 halberd and wearing a +1 leather armour of cold resistance (poison gas, severely wounded, extremely poisoned, about 22% to evade the +12 glaive of Prune)
The ghost moth is in the way.
You slice the ghost moth!!
The ghost moth is heavily wounded.
You feel very sick. The wolf spider hits you!
* * * LOW HITPOINT WARNING * * *
The wolf spider barely misses you.
The demonic crawler hits you but does no damage. x2
The demonic crawler barely misses you.
Reach: a) +12 glaive of Prune {vorpal}
Press: ? - help, Dir - move target, f/p - Frances
Aim: Frances, wielding a +0 halberd and wearing a +1 leather armour of cold resistance (poison gas, severely wounded, extremely poisoned, about 22% to evade the +12 glaive of Prune)
The ghost moth is in the way.
You slice the ghost moth!!
The ghost moth is almost dead.
You feel sick. The wolf spider completely misses you.
The wolf spider closely misses you.
Frances is engulfed in poison gas.
Frances looks as sick as possible!
Frances chants phrases taken from a devil's mouth.
The ghost moth completely misses you.
The ghost moth hits you but does no damage.
The ghost moth barely misses you.
The redback looks even sicker.
Reach: a) +12 glaive of Prune {vorpal}
Press: ? - help, Dir - move target, f/p - Frances
Aim: Frances, wielding a +0 halberd and wearing a +1 leather armour of cold resistance (poison gas, severely wounded, extremely poisoned, about 22% to evade the +12 glaive of Prune)
You reach to attack!
You barely miss Frances.
Frances is severely wounded.
You feel sick.
The demonic crawler hits you but does no damage.
The demonic crawler closely misses you. x2; The wolf spider hits you.
* * * LOW HITPOINT WARNING * * *
The wolf spider bites you!
* * * LOW HITPOINT WARNING * * *
The redback is engulfed in poison gas.
The redback looks as sick as possible!
You slash the wolf spider!
The wolf spider is lightly wounded.
You feel sick. The wolf spider closely misses you. The wolf spider bites you!
You die...

. ...) . H.§. ...
.○§○. .#.#.
#####s.☼○○# ......#
#☼@ssy§°.§.
.......###sy##§°.#..
#....#..#☼33@...§§☼.
#......○H☼○s°°...>°.
#.....§○○○°§.°§#..#.
#..)☼○○☼°☼°#☼○°.#..
#...☼.§°.#§.§§°☼§#
##..°☼§§°○○.§#°§°§.
##.........#.....#..#


You could see Arachne, Frances (extremely poisoned), a ghost moth (invisible), a
soul eater (summoned), a demonic crawler (catching breath), a wolf spider
(berserk), a moth of wrath, a culicivora (berserk), a neqoxec (summoned) and 2
redbacks.

Vanquished Creatures
  Nikola (Spider:1)
  An Ice Fiend (IceCv)
  Rupert (D:13)
  Kirke (D:14)
  An orc warlord (Bailey)
  A dire elephant (D:15)
  A minotaur (Gauntlet)
  A blizzard demon (Gauntlet)
  A fire dragon (Lair:5)
  Josephine (D:14)
  An ogre mage (D:15)
  An ice dragon (Lair:5)
  A catoblepas (Gauntlet)
  3 hydras
  9 two-headed ogres
  5 centaur warriors
  3 tengu warriors
  3 boulder beetles
  Urug (D:13)
  4 orc high priests (Orc:2)
  Sonja (Orc:2)
  Nergalle (Lair:3)
  4 skeletal warriors
  A pharaoh ant (Spider:1)
  3 orb spiders
  A swamp dragon (Lair:5)
  9 spriggan simulacra (IceCv)
  An obsidian statue (IceCv)
  2 steelbarb worms
  8 orc knights
  A bog body (IceCv)
  4 deep elf pyromancers
  A lindwurm (Lair:5)
  15 ugly things
  4 wolf spiders
  4 cyclopes
  A manticore (D:12)
  6 elephants (Lair:2)
  A moth of wrath (Spider:1)
  A salamander (D:15)
  2 ice statues (D:14)
  6 black mambas
  Joseph (Lair:1)
  7 cane toads
  6 gargoyles
  6 torpor snails (Lair:5)
  8 komodo dragons
  2 demonic crawlers (Spider:1)
  6 rime drakes
  A kobold demonologist (D:12)
  3 tengu conjurers
  2 anaconda simulacra (IceCv)
  10 ice devils (IceCv)
  A golden dragon simulacrum (IceCv)
  4 freezing wraiths (IceCv)
  A polar bear (Lair:3)
  7 hornets
  6 trolls
  4 tyrant leeches (Lair:5)
  Grinder (D:5)
  A tarantella (Spider:1)
  Prince Ribbit (D:5)
  6 slime creatures
  3 dream sheep (Lair:5)
  4 blink frogs (Lair:3)
  2 centaur simulacra (Gauntlet)
  12 jumping spiders
  Sigmund (D:3)
  A vampire (D:11)
  13 yaks
  7 culicivoras
  2 dire elephant simulacra (IceCv)
  2 shadows
  6 wyverns
  14 humans (D:13)
  5 basilisks
  Grum (D:9)
  4 wraiths
  7 minotaur simulacra (IceCv)
  19 redbacks
  8 vampire mosquitoes
  3 steam dragons
  10 wargs
  A harpy simulacrum (IceCv)
  An acid dragon (Lair:5)
  Duvessa (D:4)
  4 swamp drakes
  2 hydra simulacra (IceCv)
  17 water moccasins
  2 ice beasts
  An alligator simulacrum (IceCv)
  3 sky beasts
  2 black bears
  A meliai simulacrum (Gauntlet)
  46 orc warriors
  An ettin simulacrum (IceCv)
  11 ogres
  7 wolves
  3 centaurs
  4 kobold brigands
  14 bullfrogs
  3 necrophages
  2 gnoll sergeants
  5 deep troll simulacra (IceCv)
  2 scorpions
  Dowan (D:4)
  3 wights (D:7)
  A lindwurm simulacrum (IceCv)
  10 killer bees
  6 howler monkeys
  2 electric eels (Lair:1)
  A hound (D:6)
  28 orc priests
  Crazy Yiuf (D:5)
  4 jellies
  A wyvern simulacrum (Gauntlet)
  3 gnoll boudas
  Jessica (D:3)
  5 iguanas
  19 orc wizards
  5 hell rats (Lair:1)
  34 gnolls
  18 adders
  5 river rats (Sewer)
  A shadow imp (D:6)
  2 white imps
  4 worms
  2 dart slugs
  95 orcs
  7 ball pythons
  6 endoplasms
  7 giant cockroaches
  15 goblins
  31 hobgoblins
  9 jackals
  5 quokkas
  9 bats
  4 frilled lizards
  29 kobolds
  3 rats
836 creatures vanquished.

Vanquished Creatures (collateral kills)
  An emperor scorpion (Spider:1)
  An entropy weaver (Spider:2)
  A jorogumo (Spider:1)
  An orc high priest (Orc:2)
  2 skeletal warriors (D:11)
  A steelbarb worm (Spider:2)
  An orc knight (Orc:2)
  A wolf spider (Spider:1)
  A jumping spider (Spider:1)
  2 humans (D:13)
  A gnoll (Bailey)
13 creatures vanquished.

Vanquished Creatures (others)
  A two-headed ogre (D:14)
  2 humans (D:14)
  23 fungi
  70 plants
96 creatures vanquished.

Grand Total: 945 creatures vanquished

Notes
Turn   | Place    | Note
-------+----------+-------------------------------------------
     0 | D:1      | jejorda2 the Merfolk Berserker began the quest for the Orb.
     0 | D:1      | Reached XP level 1. HP: 18/18 MP: 1/1
   327 | D:1      | Reached XP level 2. HP: 24/24 MP: 2/2
   427 | D:1      | Found Kouhal's Armour Boutique.
   653 | D:1      | Reached XP level 3. HP: 29/29 MP: 3/3
   895 | D:2      | Reached skill level 5 in Polearms
   902 | D:2      | Reached XP level 4. HP: 37/37 MP: 4/4
  1680 | D:3      | Found a broken altar of Ashenzari.
  1708 | D:3      | Noticed Jessica
  1726 | D:3      | Killed Jessica
  1832 | D:3      | Identified the +3 scale mail of an ice cave {rElec Int+7}
  2043 | D:3      | Reached ** piety under Trog
  2072 | D:3      | Reached XP level 5. HP: 42/42 MP: 5/5
  2362 | D:3      | Noticed Sigmund
  2369 | D:3      | Killed Sigmund
  2370 | D:3      | Reached skill level 7 in Polearms
  2370 | D:3      | Reached XP level 6. HP: 49/49 MP: 6/6
  2735 | D:4      | Reached skill level 5 in Dodging
  2761 | D:4      | Found a glowing drain.
  2777 | Sewer    | Entered a sewer
  2905 | Sewer    | Reached skill level 5 in Fighting
  3060 | Sewer    | Reached XP level 7. HP: 52/56 MP: 7/7
  3382 | D:3      | Identified a scroll of acquirement
  3382 | D:3      | Acquired the +5 pair of boots of Beauty {Int+2}
  3583 | D:4      | Reached skill level 8 in Polearms
  3674 | D:1      | Bought a +1 cloak of poison resistance for 189 gold pieces
  3757 | D:4      | Reached *** piety under Trog
  3852 | D:4      | Noticed Duvessa
  3852 | D:4      | Noticed Dowan
  3855 | D:4      | Killed Dowan
  3866 | D:4      | Killed Duvessa
  3937 | D:4      | Reached skill level 9 in Polearms
  3966 | D:4      | Reached XP level 8. HP: 64/64 MP: 8/8
  4377 | D:4      | Reached **** piety under Trog
  4596 | D:5      | Entered Level 5 of the Dungeon
  4615 | D:5      | Identified the +3 leather armour "Maol" {rF+ SInv}
  4618 | D:5      | Reached skill level 10 in Polearms
  4618 | D:5      | Reached skill level 1 in Evocations
  4664 | D:5      | Noticed Prince Ribbit
  4673 | D:5      | Killed Prince Ribbit
  4676 | D:5      | Noticed Grinder
  4679 | D:5      | Reached skill level 11 in Polearms
  4739 | D:5      | Killed Grinder
  4740 | D:5      | Reached XP level 9. HP: 69/69 MP: 9/9
  5068 | D:5      | Found a shadowy altar of Dithmenos.
  5141 | D:5      | Found a runed translucent door.
  5142 | D:5      | Noticed Crazy Yiuf
  5329 | D:5      | Killed Crazy Yiuf
  5558 | D:6      | Reached skill level 12 in Polearms
  5576 | D:6      | Found a staircase to the Ecumenical Temple.
  5650 | D:6      | Found a bloodstained altar of Trog.
  6059 | D:6      | Reached skill level 13 in Polearms
  6174 | D:7      | Found a flagged portal.
  6223 | Bailey   | Entered a bailey
  6392 | Bailey   | Reached skill level 5 in Evocations
  6392 | Bailey   | Reached XP level 10. HP: 76/76 MP: 10/10
  6545 | Bailey   | Reached ***** piety under Trog
  6546 | Bailey   | Noticed an orc warlord
  6552 | Bailey   | Noticed an orc knight
  6562 | Bailey   | Killed an orc warlord
  6563 | Bailey   | Reached skill level 14 in Polearms
  6724 | Bailey   | Acquired a +6 vorpal bardiche
  6755 | Bailey   | Reached skill level 18 in Polearms
  6755 | Bailey   | Reached XP level 11. HP: 81/81 MP: 11/11
  6873 | Bailey   | Killed an orc knight
  6874 | Bailey   | Reached skill level 5 in Armour
  7565 | D:7      | Reached skill level 19 in Polearms
  8311 | D:8      | Found a glowing golden altar of the Shining One.
  8978 | D:9      | Paralysed by a hornet for 3 turns
  9104 | D:9      | Noticed a two-headed ogre
  9106 | D:9      | Killed a two-headed ogre
  9107 | D:9      | Reached skill level 1 in Throwing
  9107 | D:9      | Reached XP level 12. HP: 88/88 MP: 12/12
  9174 | D:9      | Noticed Grum
  9179 | D:9      | Killed Grum
  9641 | D:10     | Entered Level 10 of the Dungeon
  9778 | D:10     | Received a gift from Trog
  9787 | D:10     | Found Zounode's Weapon Boutique.
 10053 | D:10     | Found a sparkling altar of Nemelex Xobeh.
 10152 | D:10     | Found a shimmering blue altar of Sif Muna.
 10301 | D:10     | Bought a +1 trident of protection for 134 gold pieces
 10331 | D:11     | Noticed a centaur warrior
 10332 | D:11     | Noticed a boulder beetle
 10345 | D:11     | Found a transporter.
 10345 | D:11     | Noticed a two-headed ogre
 10351 | D:11     | Killed a two-headed ogre
 10387 | D:11     | Found a transporter.
 10394 | D:11     | Noticed VibeKiller's ghost (journeyman SpEn)
 10414 | D:11     | Found the +7 captain's cutlass {speed, disarm}
 10436 | D:11     | Reached skill level 20 in Polearms
 10525 | D:11     | Found a staircase to the Orcish Mines.
 10857 | D:11     | Found Voukic's Superior Scales.
 10895 | D:11     | Noticed a two-headed ogre
 10904 | D:11     | Killed a two-headed ogre
 11111 | D:11     | Found a portal to a secret trove of treasure.
 11274 | D:11     | Reached XP level 13. HP: 90/98 MP: 13/13
 11300 | D:11     | Found a staircase to the Lair.
 11532 | Lair:1   | Entered Level 1 of the Lair of Beasts
 11615 | Lair:1   | Noticed Joseph
 11627 | Lair:1   | Killed Joseph
 11898 | Lair:1   | Reached skill level 21 in Polearms
 12596 | Lair:2   | Reached skill level 5 in Throwing
 12894 | Lair:2   | Received a gift from Trog
 13245 | Lair:3   | Noticed Nergalle
 13262 | Lair:3   | Killed Nergalle
 13420 | Lair:3   | Found a staircase to the Shoals.
 14007 | Lair:3   | Found a white marble altar of Elyvilon.
 14122 | Lair:3   | Found a hole to the Spider Nest.
 14606 | Lair:4   | Reached skill level 10 in Dodging
 14901 | Lair:4   | Found a staircase to the Slime Pits.
 14901 | Lair:4   | Found a viscous altar of Jiyva.
 14914 | Lair:4   | Reached skill level 22 in Polearms
 15150 | Lair:5   | Entered Level 5 of the Lair of Beasts
 15200 | Lair:5   | Received a gift from Trog
 15200 | Lair:5   | Found the +12 glaive of Prune {vorpal}
 15469 | Lair:5   | Reached XP level 14. HP: 108/108 MP: 14/14
 15908 | Lair:5   | Reached skill level 10 in Fighting
 16157 | Lair:5   | Found a runed translucent door.
 17387 | D:13     | Noticed Urug
 17418 | D:13     | Killed Urug
 17435 | D:13     | Noticed Rupert
 17459 | D:13     | Killed Rupert
 17476 | D:13     | Found a gate to the Vaults.
 17563 | D:13     | Found a gate leading to a gauntlet.
 17576 | Gauntlet | Entered a Gauntlet
 17576 | Gauntlet | Found a transporter.
 17576 | Gauntlet | Found a transporter.
 17577 | Gauntlet | Found a transporter.
 17580 | Gauntlet | Found a transporter.
 17580 | Gauntlet | Found a transporter.
 17580 | Gauntlet | Found a transporter.
 17594 | Gauntlet | Found a transporter.
 17596 | Gauntlet | Found a transporter.
 17604 | Gauntlet | Found a transporter.
 17706 | Gauntlet | Found a transporter.
 17710 | Gauntlet | Found a transporter.
 17720 | Gauntlet | Found a transporter.
 18123 | Gauntlet | Identified the +5 rapier of a treasure trove {spect, rElec
                  | MP+9}
 18228 | D:13     | Reached skill level 10 in Throwing
 18228 | D:13     | Reached XP level 15. HP: 106/120 MP: 15/15
 19159 | D:14     | Found Hang's Antique Armour Shop.
 19164 | D:14     | Noticed Kirke
 19174 | D:14     | Killed Kirke
 19185 | D:14     | Bought a pair of runed gloves for 247 gold pieces
 19204 | D:14     | Found Utyowuwk's Jewellery Shoppe.
 19209 | D:14     | Found Fied's Weapon Shoppe.
 19238 | D:14     | Found Jiplodyq's Antique Weapon Emporium.
 19256 | D:14     | Found a frozen archway.
 19410 | IceCv    | Entered an ice cave
 19838 | IceCv    | Reached ****** piety under Trog
 20527 | IceCv    | Noticed an Ice Fiend
 20540 | IceCv    | Killed an Ice Fiend
 20542 | IceCv    | Received a gift from Trog
 20804 | D:14     | Found Fadyramud's Armour Shoppe.
 20807 | D:14     | Bought the +7 gold dragon scales of an ossuary {Drain rPois
                  | rF+ rC+ rN+ Regen+} for 1483 gold pieces
 20826 | D:14     | Noticed Josephine
 20848 | D:14     | Killed Josephine
 21275 | D:15     | Entered Level 15 of the Dungeon
 21491 | D:15     | Reached skill level 15 in Dodging
 21695 | D:15     | Reached XP level 16. HP: 115/132 MP: 16/16
 22013 | D:15     | Found a staircase to the Depths.
 22429 | Orc:1    | Entered Level 1 of the Orcish Mines
 22452 | Orc:1    | Received a gift from Trog
 22541 | Orc:2    | Entered Level 2 of the Orcish Mines
 23185 | Orc:2    | Found a staircase to the Elven Halls.
 23472 | Orc:2    | Received a gift from Trog
 23536 | Orc:2    | Found Wisimaud's Armour Emporium.
 23536 | Orc:2    | Found Yninte's Antique Weapon Emporium.
 23537 | Orc:2    | Found Igammaf's Magic Scroll Emporium.
 23537 | Orc:2    | Found Etulaqolom's Armour Shoppe.
 23545 | Orc:2    | Bought a scroll of enchant armour for 135 gold pieces
 23619 | Orc:2    | Noticed Sonja
 23623 | Orc:2    | Killed Sonja
 23872 | Spider:1 | Entered Level 1 of the Spider Nest
 24479 | Spider:1 | Reached skill level 15 in Fighting
 24794 | Spider:2 | Noticed Nikola
 24808 | Spider:1 | Killed Nikola
 24873 | Spider:1 | Received a gift from Trog
 24948 | Spider:2 | Noticed Arachne
 24955 | Spider:2 | Noticed Frances
 24976 | Spider:2 | HP: 6/204 [wolf spider (8)]
 24977 | Spider:2 | Slain by a wolf spider

Illustrated notes

Levels and vault maps discovered:
D:1:      matt_arrival_los_fun, layout_basic, serial_shops,
          nicolae_shop_behind_doors, minmay_tromino_v4_b
D:2:      layout_loops_ring, solitary_fountain
D:3:      layout_loops_ring, mainiacjoe_overflow_chevrons,
          serial_co_window_serial, co_window_cross_1, co_window_paths_a,
          co_window_cross_1, co_window_paths_b, co_window_corner_a,
          co_window_unsneaky_path_c, co_window_corner_b, co_window_corner_ca,
          co_window_corner_cb, co_window_4corner_a, glass_columns_b,
          glass_columns_b, glass_columns_c, glass_columns_c, glass_columns_a,
          uniq_jessica, uniq_sigmund
D:4:      corexii_shantytown, layout_basic, cheibrodos_sewer_entry_drain,
          uniq_duvessa
D:5:      layout_rooms, mainiacjoe_overflow_six_doors_small, uniq_grinder,
          uniq_crazy_yiuf_cottage, uniq_prince_ribbit1
D:6:      minmay_razor_zed, layout_rooms, bloody_trog, temple_statues
D:7:      layout_gridville, enter_bailey_2, hangedman_decor_diamond_cutter,
          serial_park_tiny_pond
D:8:      layout_basic, mainiacjoe_overflow_surrounded_room
D:9:      layout_loops_corners, uniq_grum
D:10:     layout_rooms, lemuel_crystal_altar, nicolae_overflow_hidden_temple,
          serial_shops, nicolae_shop_bloodbath_and_beyond
D:11:     layout_small_grid, erik_lair_dragon, minmay_orc_entry_guard_dogs,
          nzn_ghost_randoct, nicolae_trove_entry_crystal, hellmonk_scale_shop
D:12:     layout_cross
D:13:     layout_loops_corners, david_vaults_3, gauntlet_entry_generic
D:14:     layout_cave_pools, serial_shops, kennysheep_mini_moat, shop,
          nicolae_shop_trees, shop_coins, nicolae_stop_n_shop_1, abandoned_shop,
          portal_ice_cave_entry_ice_statue_two, uniq_kirke, uniq_josephine
D:15:     hangedman_depths_entry_try_elsewhere_first, layout_loops_corners,
          hangedman_decor_opposing
Lair:1:   layout_gridlike, serial_bayou_shore_a, lemuel_fruit_tree, uniq_joseph
Lair:2:   layout_chaotic_city, hibernation_bobbens
Lair:3:   minmay_lair_venomous_thicket, layout_layer_cave,
          elwin_shoals_entry_rooms, nicolae_spider_entry_orb_guardian,
          basic_altar, infiniplex_staircase_pool, uniq_nergalle
Lair:4:   layout_hall_layers, slime_entry_1, lemuel_fruit_fields,
          grunt_megastairs_5
Lair:5:   guppyfry_lair_end_dragon, layout_misc_corridors, wormcave,
          minivault_23
Spider:1: layout_cave_pods
Spider:2: layout_spider_delve, drop_trap, uniq_arachne, uniq_nikola,
          uniq_frances
Orc:1:    layout_diamond_mine, basic_altar, minmay_orc_temple_a
Orc:2:    st_orc_pillars, layout_caves, uniq_sonja

Skill      XL: |  1  2  3  4  5  6  7  8  9 10 11 12 13 14 15 16 |
---------------+-------------------------------------------------+-----
Dodging        | 3 4 5 6 8 10 12 15 16 | 16.0
Polearms       | 5 7 9 11 13 18 19 20 22 | 22.3
Fighting       | 4 5 6 7 9 12 13 15 | 15.3
Evocations     | 3 5 6 |  6.0
Armour         | 2 4 5 6 8 |  8.8
Throwing       | 1 4 6 10 12 | 12.0

Action                   |  1- 3 |  4- 6 |  7- 9 | 10-12 | 13-15 | 16-18 || total
-------------------------+-------+-------+-------+-------+-------+-------++-------
Melee: Spear             |    61 |   132 |    26 |       |       |       ||   219
       Punch             |     2 |     3 |     1 |       |       |       ||     6
       Tailslap          |       |     8 |       |       |     5 |       ||    13
       Halberd           |       |     2 |   373 |    78 |       |       ||   453
       Bardiche          |       |       |       |   304 |   276 |       ||   580
       Trident           |       |       |       |       |    13 |     9 ||    22
       Glaive            |       |       |       |       |   613 |   468 ||  1081
       Demon trident     |       |       |       |       |       |     9 ||     9
Throw: Stone             |       |     3 |     2 |    15 |       |       ||    20
       Dart              |       |       |       |    11 |     7 |    38 ||    56
       Boomerang         |       |       |       |       |    29 |     4 ||    33
Invok: Berserk           |     2 |     2 |     2 |     4 |     8 |     3 ||    21
       Trog's Hand       |       |     1 |     2 |     2 |     7 |     2 ||    14
       Brothers in Arms  |       |       |       |     3 |     1 |     3 ||     7
Evoke: Wand              |       |       |       |     4 |     1 |       ||     5
       Tin of tremorston |       |       |       |       |       |     2 ||     2
  Use: Scroll            |       |     2 |    18 |     8 |    10 |     2 ||    40
       Potion            |       |       |       |     1 |     1 |     1 ||     3
 Stab: Sleeping          |       |     1 |       |       |       |       ||     1
       Distracted        |       |       |       |       |     1 |       ||     1
Armor: Leather armour    |     6 |       |       |       |       |       ||     6
       Ring mail         |     8 |     1 |       |       |       |       ||     9
       Scale mail        |       |    16 |   128 |   110 |   202 |       ||   456
       Gold dragon scale |       |       |       |       |    36 |   228 ||   264
       Chain mail        |       |       |       |       |    25 |       ||    25
Dodge: Dodged            |    15 |    34 |   198 |   196 |   507 |   315 ||  1265

Table legend: (Time is in decaauts)
 A = Elapsed time spent in this place.
 B = Non-inter-level travel time spent in this place.
 C = Inter-level travel time spent in this place.
 D = Time resting spent in this place.
 E = Time spent auto-exploring this place.
 F = Levels seen in this place.
 G = Mean time per level.
                   A        B        C        D        E       F      G
               +--------+--------+--------+--------+--------+-----+--------+
         Total |  24536 |  22785 |   1751 |   2343 |  15763 |  28 |  876.3 |
       Dungeon |  14023 |  12802 |   1221 |    925 |   9552 |  15 |  934.9 |
          Lair |   5163 |   4819 |    344 |    636 |   3456 |   5 | 1032.6 |
   Spider Nest |   1059 |    981 |     78 |     64 |    695 |   2 |  529.5 |
  Orcish Mines |   1204 |   1098 |    106 |     27 |    741 |   2 |  602.0 |
         Sewer |    445 |    445 |      0 |      0 |    300 |   1 |  445.0 |
        Bailey |    784 |    784 |      0 |    195 |    197 |   1 |  784.0 |
      Ice Cave |   1319 |   1319 |      0 |    395 |    573 |   1 | 1319.0 |
      Gauntlet |    537 |    537 |      0 |    100 |    248 |   1 |  537.0 |
               +--------+--------+--------+--------+--------+-----+--------+

Top non-repeatable levels by time:
  Lair:5: 1487 daAuts
    D:11: 1408 daAuts
  Lair:3: 1389 daAuts
   IceCv: 1319 daAuts
     D:4: 1284 daAuts
    D:13: 1201 daAuts
     D:3: 1151 daAuts
     D:1: 1076 daAuts
    D:15: 1025 daAuts
Spider:1: 979 daAuts
     D:7: 975 daAuts
  Lair:1: 903 daAuts
     D:9: 869 daAuts
     D:8: 849 daAuts
  Lair:2: 805 daAuts
